Map: Habitation Station LE (Void)

Players

Faithless - Winner!

  • Race: Protoss Protoss
  • League: Platinum
  • Spawn Location: 1:00

A.I. 1 (Elite)

  • Race: Protoss Protoss
  • Spawn Location: 11:00

VOD

Have the link to the VOD?

Description

Time

  • Played on: Dec. 9, 2016, 2:44 a.m.
  • Length: 13:30
Show
View Real Time Build Order
Export as new Build Order

Faithless Protoss - Winner!

Build Orders: 1 Gate Expand, Oracle Opening, Zealot Archon 

Get SALT Encoding   

  12  0:01  Probe (Chrono Boost)  
  13  0:11  Probe (Chrono Boost)  
  14  0:18  Pylon  
  14  0:22  Probe (Chrono Boost)  
  15  0:36  Gateway  
  15  0:39  Probe (Chrono Boost)  
  16  0:46  Assimilator  
  16  0:49  Probe (Chrono Boost)  
  17  1:20  Nexus  
  17  1:32  Cybernetics Core  
  17  1:45  Probe (Chrono Boost)  
  17  1:46  Assimilator  
  18  1:51  Pylon  
  18  1:56  Probe (Chrono Boost)  
  19  2:06  Probe (Chrono Boost)  
  20  2:14  Stargate  
  20  2:19  Probe (Chrono Boost)  
  21  2:30  Mothership Core (Chrono Boost)  
  23  2:37  Probe (Chrono Boost)  
  24  2:48  Probe (Chrono Boost)  
  24  2:49  Probe (Chrono Boost)  
  26  2:56  Oracle (Chrono Boost)  
  26  2:57  Probe (Chrono Boost)  
  30  3:00  Probe  
  30  3:04  Warp Gate  
  31  3:07  Probe  
  31  3:10  Assimilator  
  31  3:12  Probe  
  33  3:17  Probe  
  34  3:24  Probe  
  35  3:31  Probe  
  35  3:32  Oracle (Chrono Boost)  
  39  3:36  Probe  
  40  3:42  Probe  
  40  3:48  Probe  
  42  3:52  Probe  
  43  3:58  Stalker (Chrono Boost)  
  43  4:00  Probe  
  46  4:07  Assimilator  
  46  4:08  Pylon  
  46  4:11  Pylon  
  46  4:17  Pylon  
  46  4:22  Robotics Facility  
  46  4:25  Probe  
  46  4:26  Pylon, Probe  
  46  4:31  Sentry (Chrono Boost)  
  50  4:35  Probe  
  51  4:38  Probe  
  52  4:46  Probe  
  53  4:53  Probe  
  53  4:54  Gateway  
  53  4:55  Gateway  
  53  4:56  Probe  
  53  4:59  Twilight Council  
  55  5:10  Gateway  
  55  5:13  Gateway  
  55  5:16  Probe  
  55  5:17  Probe  
  59  5:23  Observer  
  58  5:39  Templar Archives  
  58  5:41  Stalker  
  60  6:01  Probe  
  61  6:04  Stalker  
  63  6:17  Stalker x4  
  71  6:19  Pylon  
  71  6:20  Pylon  
  71  6:26  Gateway  
  71  6:27  Gateway  
  71  6:31  Gateway  
  71  6:33  Pylon, Gateway  
  71  6:34  Pylon  
  71  6:35  High Templar  
  71  6:37  Pylon  
  71  6:38  Pylon  
  71  6:39  Pylon  
  73  6:41  High Templar  
  73  6:45  High Templar x2  
  79  6:47  Archon  
  79  6:51  Resonating Glaives  
  79  6:57  Warp Prism  
  81  7:11  Nexus  
  81  7:19  Adept x5  
  81  7:22  Archon  
  91  7:35  Pylon  
  91  7:39  Pylon  
  91  7:45  Adept  
  91  7:46  Adept x4  
  91  7:47  Adept x2  
  105  8:11  Adept x6  
  105  8:12  Adept x3  
  123  8:16  Probe  
  123  8:17  Pylon, Probe  
  125  8:29  Probe  
  122  8:34  Adept x4  
  122  8:35  Adept x2  
  130  8:58  Adept  
  130  8:59  Adept x7  
  146  9:07  Probe x2  
  146  9:09  Probe  
  149  9:18  Assimilator, Probe x2  
  149  9:21  High Templar x5  
  149  9:22  Assimilator  
  161  9:25  Archon x2  
  161  9:29  High Templar  
  163  9:34  Archon  
  163  9:50  Probe  
  163  9:51  Probe  
  163  9:52  Probe  
  165  9:56  Pylon  
  165  9:58  Pylon  
  165  9:59  Pylon  
  166  10:01  Probe  
  166  10:04  Probe  
  166  10:06  Robotics Facility  
  168  10:07  Robotics Bay  
  168  10:15  Stalker x5  
  168  10:21  Blink  
  178  10:32  Pylon  
  178  10:38  Forge  
  178  10:40  Forge  
  178  10:48  Stalker  
  178  10:49  Stalker x4  
  188  10:58  Observer Gravitic Boosters  
  188  11:00  Disruptor x2  
  192  11:20  Protoss Ground Weapons Level 1 (Chrono Boost), Protoss Ground Armor Level 1 (Chrono Boost)  
  176  11:38  Disruptor x2  
  182  11:44  Zealot x7  
  182  11:45  Zealot x2  
  200  12:18  Gateway  
  200  12:19  Gateway  
  200  12:22  Pylon, Gateway  
  200  12:28  Nexus  
  200  12:29  Gravitic Drive  
  200  12:51  Photon Cannon  
  200  12:52  Photon Cannon  
  200  12:55  Photon Cannon  
  200  12:57  Photon Cannon x2  
  200  12:58  Photon Cannon  
  200  13:01  Photon Cannon  
Show
View Real Time Build Order
Export as new Build Order

A.I. 1 (Elite) Protoss 

Build Orders: Zealot Archon 

Get SALT Encoding   

  12  0:01  Probe (Chrono Boost)  
  13  0:11  Probe (Chrono Boost)  
  14  0:20  Pylon  
  14  0:22  Probe (Chrono Boost)  
  15  0:39  Probe (Chrono Boost)  
  16  0:46  Assimilator  
  16  0:49  Probe (Chrono Boost)  
  17  0:50  Gateway  
  17  0:59  Pylon  
  17  1:00  Probe (Chrono Boost)  
  18  1:10  Probe (Chrono Boost)  
  19  1:21  Probe (Chrono Boost)  
  20  1:32  Probe (Chrono Boost)  
  21  1:38  Zealot  
  21  1:39  Cybernetics Core  
  21  1:42  Gateway  
  21  1:43  Probe (Chrono Boost)  
  24  1:51  Pylon  
  25  1:54  Probe (Chrono Boost)  
  25  2:03  Zealot  
  25  2:06  Probe (Chrono Boost)  
  28  2:13  Warp Gate  
  28  2:18  Probe (Chrono Boost)  
  29  2:27  Adept  
  29  2:29  Adept  
  31  2:33  Gateway  
  33  2:41  Gateway  
  33  2:43  Probe (Chrono Boost)  
  33  2:53  Stalker  
  33  2:55  Stalker  
  37  3:04  Pylon  
  38  3:07  Probe (Chrono Boost)  
  38  3:11  Assimilator  
  38  3:18  Probe (Chrono Boost)  
  39  3:22  Adept  
  39  3:23  Adept  
  43  3:29  Stalker  
  45  3:37  Stalker  
  47  3:44  Pylon  
  47  3:49  Probe (Chrono Boost)  
  44  4:01  Probe (Chrono Boost)  
  44  4:02  Adept  
  47  4:13  Probe (Chrono Boost)  
  47  4:15  Adept  
  50  4:17  Adept  
  50  4:24  Adept  
  55  4:25  Probe (Chrono Boost)  
  55  4:36  Forge  
  55  5:03  Pylon  
  55  5:11  Photon Cannon  
  55  5:14  Photon Cannon  
  55  5:15  Probe (Chrono Boost)  
  55  5:21  Zealot, Adept x2  
  61  5:23  Zealot  
  63  5:31  Pylon  
  63  5:43  Robotics Facility  
  63  5:52  Sentry  
  63  5:53  Twilight Council  
  65  6:18  Pylon  
  65  6:31  Templar Archives  
  65  6:37  Stalker  
  67  6:43  Pylon  
  67  6:45  Nexus  
  67  6:57  Stalker  
  69  7:06  Stalker  
  71  7:09  Observer  
  71  7:10  High Templar  
  71  7:11  High Templar  
  76  7:20  Stalker  
  78  7:25  Archon  
  78  7:28  Pylon  
  78  7:47  High Templar  
  82  7:59  Probe x2 (Chrono Boost)  
  82  8:01  Forge  
  82  8:05  Assimilator  
  82  8:10  Probe (Chrono Boost)  
  82  8:11  Probe (Chrono Boost)  
  84  8:16  High Templar  
  86  8:21  Assimilator, Probe (Chrono Boost)  
  86  8:22  Probe (Chrono Boost)  
  88  8:31  Zealot  
  88  8:32  Sentry, Probe (Chrono Boost)  
  88  8:34  Probe (Chrono Boost)  
  81  8:39  Zealot  
  57  8:43  Probe (Chrono Boost)  
  57  8:46  Probe (Chrono Boost)  
  57  8:55  High Templar  
  51  9:03  Archon  
  51  9:15  Nexus  
  51  9:24  High Templar  
  53  9:50  Probe (Chrono Boost)  
  53  9:52  High Templar  
  56  9:56  Adept  
  56  9:59  Assimilator  
  58  10:00  Adept  
  58  10:01  Probe (Chrono Boost)  
  61  10:11  Archon  
  61  10:13  Probe (Chrono Boost)  
  62  10:24  Probe (Chrono Boost)  
  62  10:28  High Templar, Probe (Chrono Boost)  
  64  10:35  Probe (Chrono Boost)  
  67  10:39  Probe (Chrono Boost)  
  68  10:46  Probe (Chrono Boost)  
  68  10:48  High Templar  
  72  10:50  Probe (Chrono Boost)  
  72  10:53  Stalker  
  75  10:57  Probe (Chrono Boost)  
  75  11:01  Stalker  
  75  11:02  Probe (Chrono Boost)  
  78  11:06  Sentry  
  78  11:08  Archon  
  78  11:09  Probe (Chrono Boost)  
  81  11:13  Probe (Chrono Boost)  
  81  11:15  Zealot  
  74  11:20  High Templar  
  74  11:23  Zealot  
  46  11:36  High Templar  
  46  11:40  Adept  
  41  11:51  Archon  
  18  12:16  Nexus  
  18  12:29  High Templar  
  20  12:50  High Templar  
  22  13:05  Archon  
  22  13:11  Probe (Chrono Boost)  
Tags
 
Add a new tag
Caveats
  • Supply blocks, unpowered buildings, or Contaminate may cause inaccurate times.
  • Supply counts are checked every 10 seconds.